MLB
TEXAS RANGERS @ CHICAGO WHITE SOX
05/18/2018
 
TOP OF THE 1ST
Texas Rangers batting - Pitching for Chicago White Sox : RHP Brad Peacock
Pitching: RHP Brad Peacock
Batting: LHB Ender Inciarte 0-0: Ball
1-0: Foul Ball, location: 2F
1-1: Bunt for hit - play at first, batter OUT! 1-3
Batting: SHB Cesar Hernandez 0-0: Foul Ball, location: 2F
0-1: Ball
1-1: Foul Ball, location: 2F
1-2: Strikes out swinging
Batting: LHB Bryce Harper 0-0: Swinging Strike
0-1: Ball
1-1: Called Strike
1-2: Ground out 6-3 (Groundball, 6M)
Top of the 1st over - 0 runs, 0 hits, 0 errors, 0 left on base; Texas 0 - Chicago 0
BOTTOM OF THE 1ST
Chicago White Sox batting - Pitching for Texas Rangers : LHP Jon Lester
Pitching: LHP Jon Lester
Batting: LHB Corey Seager 0-0: Ball
1-0: Called Strike
1-1: Called Strike
1-2: Strikes out swinging
Batting: RHB Justin Turner 0-0: Called Strike
0-1: Ball
1-1: Foul Ball, location: 2F
1-2: Ball
2-2: Foul Ball, location: 2F
2-2: Foul Ball, location: 2F
2-2: Ball
3-2: Base on Balls
Batting: LHB Charlie Blackmon 0-0: Ball
1-0: Called Strike
1-1: Ball
2-1: Ball
3-1: Fielders Choice at 2nd, 3-6 (Groundball, 3S)
Batting: RHB J.D. Martinez 0-0: Ball
1-0: Called Strike
1-1: Ball
2-1: Fielders Choice at 2nd, U6 (Groundball, 6M)
Bottom of the 1st over - 0 runs, 0 hits, 0 errors, 1 left on base; Texas 0 - Chicago 0
TOP OF THE 2ND
Texas Rangers batting - Pitching for Chicago White Sox : RHP Brad Peacock
Batting: LHB Eric Thames 0-0: Ball
1-0: Ground out U3 (Groundball, 3S)
Batting: SHB Jeimer Candelario 0-0: Called Strike
0-1: SINGLE (Flyball, 78M)
Batting: LHB Joc Pederson 0-0: Called Strike
Jeimer Candelario steals 2nd base
0-1: Foul Ball, location: 2F
0-2: Foul Ball, location: 2F
0-2: Ball
1-2: Foul Ball, location: 2F
1-2: Ball
2-2: Foul Ball, location: 2F
2-2: Foul Ball, location: 2F
2-2: Ball
3-2: Foul Ball, location: 2F
3-2: Ground out 6-3 (Groundball, 6)
Batting: RHB Andrelton Simmons 0-0: Ball
1-0: DOUBLE (Line Drive, 7LM)
Jeimer Candelario scores
Batting: SHB Asdrubal Cabrera 0-0: Ball
1-0: Called Strike
1-1: Foul Ball, location: 2F
1-2: Strikes out looking
Top of the 2nd over - 1 run, 2 hits, 0 errors, 1 left on base; Texas 1 - Chicago 0
BOTTOM OF THE 2ND
Chicago White Sox batting - Pitching for Texas Rangers : LHP Jon Lester
Batting: LHB Daniel Murphy 0-0: Ball
1-0: Swinging Strike
1-1: Ball
2-1: Swinging Strike
2-2: Foul Ball, location: 2F
2-2: Ground out 6-3 (Groundball, 6)
Batting: LHB Andrew Toles 0-0: Ball
1-0: Ball
2-0: Ball
3-0: Foul Ball, location: 2F
3-1: Swinging Strike
3-2: Ground out 6-3 (Groundball, 6D)
Batting: LHB Brandon Belt 0-0: Swinging Strike
0-1: Foul Ball, location: 2F
0-2: Ball
1-2: Foul Ball, location: 2F
1-2: Strikes out swinging
Bottom of the 2nd over - 0 runs, 0 hits, 0 errors, 0 left on base; Texas 1 - Chicago 0
TOP OF THE 3RD
Texas Rangers batting - Pitching for Chicago White Sox : RHP Brad Peacock
Batting: LHB Miguel Montero 0-0: SOLO HOME RUN (Flyball, 9LD), Distance : 349 ft
Batting: LHB Ender Inciarte 0-0: Ball
1-0: Ball
2-0: Ball
3-0: Called Strike
3-1: Base on Balls
Batting: SHB Cesar Hernandez 0-0: Foul Ball, location: 2F
0-1: Ball
1-1: Ball
Wild Pitch!
Ender Inciarte to second
2-1: Ball
3-1: Base on Balls
Batting: LHB Bryce Harper 0-0: Ball
1-0: Called Strike
1-1: 3-RUN HOME RUN (Flyball, 8LXD), Distance : 414 ft
Batting: LHB Eric Thames 0-0: Called Strike
0-1: Ball
1-1: Foul Ball, location: 2F
1-2: Ball
2-2: Ball
3-2: Foul Ball, location: 2F
3-2: Foul Ball, location: 2F
3-2: Ground out 4-3 (Groundball, 4)
Batting: SHB Jeimer Candelario 0-0: Ball
1-0: Ball
2-0: Called Strike
2-1: Swinging Strike
2-2: Foul Ball, location: 2F
2-2: Ball
3-2: Strikes out swinging
Batting: LHB Joc Pederson 0-0: Ball
1-0: Called Strike
1-1: Foul Ball, location: 2F
1-2: Strikes out looking
Top of the 3rd over - 4 runs, 2 hits, 0 errors, 0 left on base; Texas 5 - Chicago 0
BOTTOM OF THE 3RD
Chicago White Sox batting - Pitching for Texas Rangers : LHP Jon Lester
Batting: RHB Jonathan Lucroy 0-0: Ball
1-0: Ball
2-0: Called Strike
2-1: Called Strike
2-2: SINGLE (Groundball, 34D)
Batting: LHB Michael Brantley 0-0: Ball
1-0: Fly out, F6 (Popup, P)
Batting: LHB Corey Seager 0-0: Swinging Strike
0-1: Ball
1-1: Grounds into double play, 4-6-3 (Groundball, 4)
Bottom of the 3rd over - 0 runs, 1 hit, 0 errors, 0 left on base; Texas 5 - Chicago 0
TOP OF THE 4TH
Texas Rangers batting - Pitching for Chicago White Sox : RHP Brad Peacock
Batting: RHB Andrelton Simmons 0-0: Ball
1-0: Ball
2-0: Ground out 6-3 (Groundball, 6)
Batting: SHB Asdrubal Cabrera 0-0: Ball
1-0: Called Strike
1-1: Foul Ball, location: 2F
1-2: Foul Ball, location: 2F
1-2: Ball
2-2: Ball
3-2: Base on Balls
Pitching: RHP Antonio Senzatela
Batting: LHB Miguel Montero 0-0: SINGLE (Groundball, 34D)
Asdrubal Cabrera to second
Runner from 2nd tries for 3rd, SAFE, throw made to third
Batting: LHB Ender Inciarte 0-0: Called Strike
0-1: Ball
1-1: Fielders Choice at 2nd, 4-6 (Groundball, 4)
Asdrubal Cabrera scores
Batting: SHB Cesar Hernandez 0-0: Swinging Strike
0-1: Ball
1-1: Foul Ball, location: 2F
1-2: Ball
2-2: Foul Ball, location: 2F
2-2: Fielders Choice at 2nd, 6-4 (Groundball, 56)
Top of the 4th over - 1 run, 1 hit, 0 errors, 1 left on base; Texas 6 - Chicago 0
BOTTOM OF THE 4TH
Chicago White Sox batting - Pitching for Texas Rangers : LHP Jon Lester
Batting: RHB Justin Turner 0-0: Swinging Strike
0-1: Ball
1-1: Fly out, F9 (Flyball, 9S)
Batting: LHB Charlie Blackmon 0-0: Ball
1-0: Fly out, F6 (Popup, P)
Batting: RHB J.D. Martinez 0-0: Ball
1-0: Ball
2-0: Swinging Strike
2-1: Foul Ball, location: 2F
2-2: Strikes out swinging
Bottom of the 4th over - 0 runs, 0 hits, 0 errors, 0 left on base; Texas 6 - Chicago 0
TOP OF THE 5TH
Texas Rangers batting - Pitching for Chicago White Sox : RHP Antonio Senzatela
Batting: LHB Bryce Harper 0-0: Ball
1-0: Ground out 4-3 (Groundball, 4)
Batting: LHB Eric Thames 0-0: Called Strike
0-1: Ball
1-1: Ball
2-1: Foul Ball, location: 2F
2-2: Ground out 6-3 (Groundball, 6)
Batting: SHB Jeimer Candelario 0-0: Called Strike
0-1: Ball
1-1: Swinging Strike
1-2: Strikes out swinging
Top of the 5th over - 0 runs, 0 hits, 0 errors, 0 left on base; Texas 6 - Chicago 0
BOTTOM OF THE 5TH
Chicago White Sox batting - Pitching for Texas Rangers : LHP Jon Lester
Batting: LHB Daniel Murphy 0-0: Ground out 6-3 (Groundball, 6S)
Batting: LHB Andrew Toles 0-0: Called Strike
0-1: Ball
1-1: Fly out, F7 (Flyball, 78S)
Batting: LHB Brandon Belt 0-0: Ball
1-0: Fly out, F8 (Flyball, 8RS)
Bottom of the 5th over - 0 runs, 0 hits, 0 errors, 0 left on base; Texas 6 - Chicago 0
TOP OF THE 6TH
Texas Rangers batting - Pitching for Chicago White Sox : RHP Antonio Senzatela
Batting: LHB Joc Pederson 0-0: Ball
1-0: Ground out 4-3 (Groundball, 4MS)
Batting: RHB Andrelton Simmons 0-0: Ball
1-0: Ball
2-0: SINGLE (Flyball, 5D)
Batting: SHB Asdrubal Cabrera 0-0: Swinging Strike
0-1: Ball
1-1: Swinging Strike
1-2: Foul Ball, location: 2F
1-2: SINGLE (Groundball, 4S) (infield hit)
Andrelton Simmons to second
Pitching: LHP Brian Clark
Batting: LHB Miguel Montero 0-0: Foul Ball, location: 2F
0-1: Called Strike
0-2: Foul Ball, location: 2F
0-2: Ball
1-2: Ball
2-2: Ball
3-2: Foul Ball, location: 2F
3-2: Foul Ball, location: 2F
3-2: Grounds into double play, 6-4-3 (Groundball, 6)
Top of the 6th over - 0 runs, 2 hits, 0 errors, 1 left on base; Texas 6 - Chicago 0
BOTTOM OF THE 6TH
Chicago White Sox batting - Pitching for Texas Rangers : LHP Jon Lester
Batting: RHB Jonathan Lucroy 0-0: Called Strike
0-1: Ball
1-1: Ball
2-1: Ball
3-1: Fly out, F8 (Flyball, 8RXD)
Batting: LHB Michael Brantley 0-0: SINGLE (Groundball, 4M) (infield hit)
Batting: LHB Corey Seager 0-0: Ball
1-0: Swinging Strike
1-1: Ball
2-1: Ball
3-1: Fielders Choice at 2nd, 2-4 (Groundball, 15S)
Batting: RHB Justin Turner 0-0: Called Strike
0-1: Fielders Choice at 2nd, 6-4 (Groundball, 6)
Bottom of the 6th over - 0 runs, 1 hit, 0 errors, 1 left on base; Texas 6 - Chicago 0
TOP OF THE 7TH
Texas Rangers batting - Pitching for Chicago White Sox : LHP Brian Clark
Batting: LHB Ender Inciarte 0-0: Ball
1-0: Called Strike
1-1: Ball
2-1: Foul Ball, location: 2F
2-2: Ball
3-2: Base on Balls
Batting: SHB Cesar Hernandez 0-0: Called Strike
0-1: Called Strike
0-2: Foul Ball, location: 2F
0-2: Foul Ball, location: 2F
0-2: Ground out 6-3 (Groundball, 6M)
Ender Inciarte to second
Batting: LHB Bryce Harper 0-0: Ball
1-0: Fly out, F7 (Line Drive, 7D)
Batting: LHB Eric Thames 0-0: Called Strike
0-1: Swinging Strike
0-2: Ball
1-2: Fly out, F9 (Flyball, 9)
Top of the 7th over - 0 runs, 0 hits, 0 errors, 1 left on base; Texas 6 - Chicago 0
BOTTOM OF THE 7TH
Chicago White Sox batting - Pitching for Texas Rangers : LHP Jon Lester
Batting: LHB Charlie Blackmon 0-0: Ball
1-0: Foul Ball, location: 2F
1-1: Swinging Strike
1-2: Strikes out swinging
Batting: RHB J.D. Martinez 0-0: Ball
1-0: Fly out, F8 (Flyball, 8RM)
Batting: LHB Daniel Murphy 0-0: Ball
1-0: Ball
2-0: Foul Ball, location: 2F
2-1: SOLO HOME RUN (Flyball, 89XD), Distance : 386 ft
Batting: LHB Andrew Toles 0-0: Ball
1-0: Ball
2-0: SINGLE (Line Drive, 89S)
Batting: LHB Brandon Belt 0-0: Ball
Andrew Toles is caught stealing 2nd base
Bottom of the 7th over - 1 run, 2 hits, 0 errors, 0 left on base; Texas 6 - Chicago 1
TOP OF THE 8TH
Texas Rangers batting - Pitching for Chicago White Sox : LHP Brian Clark
Batting: SHB Jeimer Candelario 0-0: Ball
1-0: Ball
2-0: Ball
3-0: Called Strike
3-1: Foul Ball, location: 2F
3-2: Foul Ball, location: 2F
3-2: SINGLE (Flyball, 7LS)
Pitching: LHP Richard Lovelady
Batting: LHB Joc Pederson 0-0: Ball
1-0: Called Strike
1-1: Ball
2-1: Ball
3-1: Called Strike
3-2: DOUBLE (Line Drive, 9LM)
Jeimer Candelario to third
Batting: RHB Andrelton Simmons 0-0: Ball
1-0: Swinging Strike
1-1: Ball
2-1: Foul Ball, location: 2F
2-2: SINGLE (Groundball, 56D)
Jeimer Candelario scores
Joc Pederson to third
Batting: SHB Asdrubal Cabrera 0-0: Called Strike
0-1: Grounds into double play, 5-4-3 (Groundball, 56)
Joc Pederson scores
Batting: LHB Miguel Montero 0-0: Ball
1-0: Ball
2-0: Called Strike
2-1: Ball
3-1: Called Strike
3-2: Base on Balls
Pinch Hitting: RHB Jake Smolinski 0-0: Foul Ball, location: 2F
0-1: Ball
1-1: Called Strike
1-2: Ball
2-2: Fielders Choice at 2nd, 5-4 (Groundball, 56)
Top of the 8th over - 2 runs, 3 hits, 0 errors, 1 left on base; Texas 8 - Chicago 1
BOTTOM OF THE 8TH
Chicago White Sox batting - Pitching for Texas Rangers : LHP Jon Lester
Pitching: LHP Marc Rzepczynski
Now in LF: Jake Smolinski
Batting: LHB Brandon Belt 0-0: Ball
1-0: Called Strike
1-1: Ball
2-1: Foul Ball, location: 2F
2-2: Ground out 6-3 (Groundball, 6M)
Batting: RHB Jonathan Lucroy 0-0: Called Strike
0-1: Ball
1-1: Ball
2-1: Foul Ball, location: 2F
2-2: Foul Ball, location: 2F
2-2: Ball
3-2: Foul Ball, location: 2F
3-2: Strikes out looking
Batting: LHB Michael Brantley 0-0: Ball
1-0: Ball
2-0: Called Strike
2-1: Ball
3-1: Called Strike
3-2: Fly out, F9 (Flyball, 9LS)
Bottom of the 8th over - 0 runs, 0 hits, 0 errors, 0 left on base; Texas 8 - Chicago 1
TOP OF THE 9TH
Texas Rangers batting - Pitching for Chicago White Sox : LHP Richard Lovelady
Pinch Hitting: RHB Jefry Marte 0-0: Called Strike
0-1: Called Strike
0-2: Ball
1-2: Ground out 6-3 (Groundball, 6)
Batting: LHB Bryce Harper 0-0: Ball
1-0: Fly out, F8 (Flyball, 8RD)
Batting: LHB Eric Thames 0-0: Called Strike
0-1: Foul Ball, location: 2F
0-2: Ball
1-2: Ball
2-2: Foul Ball, location: 2F
2-2: Ball
3-2: Foul Ball, location: 2F
3-2: Fly out, F8 (Flyball, 8LD)
Top of the 9th over - 0 runs, 0 hits, 0 errors, 0 left on base; Texas 8 - Chicago 1
BOTTOM OF THE 9TH
Chicago White Sox batting - Pitching for Texas Rangers : LHP Marc Rzepczynski
Now at 2B: Breyvic Valera
Batting: LHB Corey Seager 0-0: Swinging Strike
0-1: Foul Ball, location: 2F
0-2: Ball
1-2: Ground out 5-3 (Groundball, 5)
Pinch Hitting: RHB Cheslor Cuthbert 0-0: Called Strike
0-1: Foul Ball, location: 2F
0-2: Ball
1-2: Strikes out looking
Batting: LHB Charlie Blackmon 0-0: Foul Ball, location: 2F
0-1: Ground out 4-3 (Groundball, 4)
Bottom of the 9th over - 0 runs, 0 hits, 0 errors, 0 left on base; Texas 8 - Chicago 1
Sunday, July 15th, 2018 - OOTP Baseball 19.7 Build 59